Map: [ESL] Altitude

Players

PiG - Winner!

  • Race: Terran Terran
  • League: Master
  • Spawn Location: 7:00

bRabbit

  • Race: Protoss Protoss
  • League: Platinum
  • Spawn Location: 1:00

VOD

https://www.youtube.com/playlist?list=PLOrKQEirgvjBrkg_LERyoNc_WYX2C2tgI

Description

Time

  • Played on: Aug. 15, 2023, 7:50 p.m.
  • Length: 11:55
Show
View Real Time Build Order
Export as new Build Order

PiG Terran - Winner!

Build Orders:  

Get SALT Encoding   

  12  0:00  SCV  
  13  0:12  SCV  
  14  0:18  Supply Depot  
  14  0:25  SCV  
  15  0:40  SCV  
  15  0:41  Barracks  
  16  0:49  Refinery  
  16  0:52  SCV  
  17  1:04  SCV  
  18  1:16  SCV  
  19  1:31  Orbital Command  
  19  1:32  Barracks Reactor  
  19  1:55  Command Center  
  19  2:02  SCV, Supply Depot  
  20  2:10  Marine x2  
  22  2:24  SCV  
  22  2:29  Factory  
  23  2:30  Marine x2  
  23  2:36  SCV  
  26  2:43  Refinery  
  26  2:45  Bunker  
  26  2:48  SCV  
  26  2:51  Marine  
  28  2:54  Marine  
  29  3:00  SCV  
  30  3:13  Orbital Command  
  30  3:16  SCV  
  30  3:18  Marine x2  
  33  3:20  Factory Tech Lab  
  33  3:27  Starport  
  33  3:28  SCV  
  34  3:40  SCV x2  
  36  3:48  Siege Tank  
  39  3:52  SCV x2  
  41  3:56  Supply Depot  
  41  4:00  Marine x2  
  43  4:04  Viking, SCV  
  46  4:16  Supply Depot  
  46  4:17  SCV x2  
  46  4:18  Supply Depot  
  48  4:27  Marine x2  
  48  4:29  SCV x2  
  52  4:34  Starport Reactor  
  52  4:38  Factory Reactor  
  52  4:41  SCV x2  
  54  4:51  Supply Depot  
  54  4:54  SCV x2  
  56  5:04  Barracks x2  
  56  5:05  Barracks  
  56  5:06  Barracks, SCV x2  
  58  5:20  SCV x2  
  60  5:21  Marine x2  
  60  5:23  Starport Reactor, Supply Depot  
  60  5:26  Supply Depot  
  60  5:27  Factory Tech Lab  
  60  5:30  Refinery x2  
  60  5:32  Engineering Bay, SCV x2  
  62  5:44  SCV  
  63  5:59  Barracks Tech Lab  
  63  6:02  Stimpack, Marine  
  63  6:03  Marine x3  
  63  6:04  Marine x2  
  67  6:05  Marauder  
  67  6:07  Medivac x2, Siege Tank  
  78  6:18  Combat Shield  
  78  6:22  Marine x6, Marauder  
  86  6:27  Marauder, Supply Depot  
  86  6:30  Supply Depot  
  88  6:32  Terran Infantry Weapons Level 1  
  88  6:39  Siege Tank  
  91  6:40  Marine x3  
  91  6:45  Missile Turret  
  94  6:49  Marine x2  
  94  6:51  Marine  
  94  6:52  Marauder x2  
  101  6:57  Marine  
  101  6:58  Medivac, Marine x2  
  101  6:59  Medivac  
  108  7:02  Supply Depot  
  108  7:04  Supply Depot  
  108  7:13  Marauder  
  110  7:23  Siege Tank  
  110  7:24  Supply Depot  
  110  7:26  Supply Depot  
  113  7:30  Marine  
  113  7:31  Marauder, Marine x3  
  113  7:32  Marine x2  
  113  7:34  Marauder  
  113  7:36  Concussive Shells  
  123  7:39  Medivac  
  125  7:45  Medivac  
  125  7:48  Marine x2  
  125  7:49  Marine x2  
  125  7:50  Supply Depot  
  131  7:51  Supply Depot  
  131  7:56  Siege Tank  
  114  8:13  Supply Depot  
  114  8:16  Supply Depot  
  94  8:54  Marauder x2, Marine x6  
  104  8:56  Siege Tank  
  104  9:01  Viking  
  109  9:04  Viking  
  111  9:11  Supply Depot  
  111  9:12  Marine x6  
  111  9:13  Supply Depot  
  111  9:15  Marauder x2  
  121  9:28  Siege Tank  
  121  9:30  Marine x6  
  130  9:33  Command Center  
  130  9:36  Marine x2  
  132  10:02  Marauder x2, Marine x6  
  132  10:06  Siege Tank  
  145  10:20  Marine x3  
  148  10:23  Marauder x2  
  93  11:26  Marauder x2, Marine x6  
Show
View Real Time Build Order
Export as new Build Order

bRabbit Protoss 

Build Orders: 1 Gate Expand, Colossus Rush 

Get SALT Encoding   

  12  0:00  Probe  
  13  0:12  Probe  
  14  0:18  Pylon  
  14  0:24  Probe  
  15  0:37  Probe (Chrono Boost)  
  15  0:39  Gateway  
  16  0:49  Probe (Chrono Boost)  
  17  0:50  Assimilator  
  17  0:55  Probe (Chrono Boost)  
  18  1:03  Probe  
  19  1:15  Probe  
  20  1:29  Nexus  
  20  1:38  Cybernetics Core  
  20  1:42  Assimilator  
  21  1:47  Probe  
  21  1:59  Pylon, Probe (Chrono Boost)  
  22  2:11  Probe (Chrono Boost)  
  23  2:18  Probe (Chrono Boost)  
  24  2:23  Adept (Chrono Boost)  
  24  2:25  Probe  
  24  2:27  Warp Gate  
  27  2:37  Robotics Facility  
  27  2:40  Probe (Chrono Boost)  
  27  2:44  Probe (Chrono Boost)  
  30  2:52  Stalker  
  30  2:53  Probe (Chrono Boost)  
  30  2:54  Probe (Chrono Boost)  
  30  2:58  Probe (Chrono Boost)  
  33  3:02  Probe  
  35  3:10  Probe  
  36  3:14  Probe  
  37  3:22  Sentry, Probe  
  37  3:26  Observer (Chrono Boost), Probe  
  42  3:34  Pylon, Probe  
  42  3:38  Probe  
  42  3:39  Observer (Chrono Boost)  
  45  3:46  Assimilator, Probe  
  45  3:48  Assimilator  
  46  3:52  Probe  
  47  3:56  Gateway x2  
  47  4:00  Observer  
  47  4:02  Pylon  
  48  4:03  Robotics Bay  
  48  4:12  Probe x2  
  50  4:19  Nexus  
  50  4:25  Probe x2  
  52  4:37  Probe x2  
  54  4:41  Pylon  
  54  4:44  Twilight Council  
  54  4:45  Forge  
  54  4:49  Probe x2  
  56  5:00  Colossus (Chrono Boost)  
  56  5:01  Probe x2  
  56  5:05  Extended Thermal Lance  
  64  5:13  Probe x2  
  66  5:17  Gateway  
  66  5:19  Gateway  
  66  5:26  Probe x2  
  68  5:28  Stalker  
  70  5:38  Protoss Ground Armor Level 1  
  70  5:39  Charge  
  70  5:40  Probe (Chrono Boost)  
  70  5:41  Colossus (Chrono Boost), Probe (Chrono Boost)  
  78  5:44  Probe (Chrono Boost)  
  79  5:54  Probe (Chrono Boost)  
  79  5:55  Probe x2 (Chrono Boost)  
  82  5:57  Pylon  
  82  5:59  Probe (Chrono Boost)  
  82  6:00  Stalker  
  85  6:05  Pylon  
  85  6:12  Pylon  
  85  6:15  Pylon, Probe x3  
  88  6:19  Assimilator  
  88  6:23  Assimilator  
  88  6:27  Colossus (Chrono Boost), Probe x2  
  88  6:28  Probe  
  97  6:39  Probe  
  98  6:42  Probe  
  98  6:44  Stalker x5  
  109  6:49  Pylon  
  109  6:54  Pylon, Gateway  
  109  6:58  Observer  
  109  7:02  Pylon  
  109  7:09  Zealot x2  
  109  7:10  Zealot x3, Warp Prism (Chrono Boost)  
  121  7:34  Pylon  
  121  7:43  Zealot x5  
  105  8:13  Zealot  
  105  8:14  Zealot x5  
  79  8:42  Stalker x6  
  79  8:43  Colossus (Chrono Boost)  
  91  8:57  Nexus  
  91  9:00  Pylon  
  91  9:04  Pylon  
  91  9:06  Observer  
  91  9:10  Shield Battery  
  91  9:12  Shield Battery  
  91  9:14  Stalker x6  
  103  9:19  Protoss Ground Weapons Level 1  
  103  9:21  Blink  
  103  9:22  Colossus (Chrono Boost)  
  109  9:43  Zealot x2  
  109  9:44  Zealot x4  
  121  10:00  Colossus (Chrono Boost)  
  121  10:01  Probe x3  
  121  10:05  Shield Battery x2  
  130  10:08  Zealot x6  
  130  10:13  Probe x3  
  145  10:15  Probe  
  146  10:22  Assimilator  
  146  10:25  Probe x3  
  146  10:26  Assimilator  
  146  10:27  Probe  
  140  10:33  Zealot x2  
  140  10:34  Zealot x4  
  116  10:55  Stalker x6  
  104  11:19  Zealot x6  
Tags
 
Add a new tag
Caveats
  • Supply blocks, unpowered buildings, or Contaminate may cause inaccurate times.
  • Supply counts are checked every 10 seconds.